 Dungeon Crawl Stone Soup version 0.29.0-5-ge4962eb29e (webtiles) character file.

Game seed: 9818188663609645684

658 raistware the Magician (level 7, -1/45 HPs)
             Began as an Octopode Conjurer on Aug 29, 2022.
             Killed from afar by a white imp (10 damage)
             ... with a puff of frost
             ... on level 6 of the Dungeon.
             The game lasted 00:08:34 (3898 turns).

raistware the Magician (Octopode Conjurer)          Turns: 3898, Time: 00:08:35

Health: -1/45      AC:  1    Str:  7    XL:     7   Next: 55%
Magic:  1/16       EV: 13    Int: 30    God:
Gold:   247        SH:  0    Dex: 10    Spells: 13/18 levels left

rFire   . . .      SeeInvis .   a - +11 dagger "Emotsur" {freeze, Int+8}
rCold   . . .      Faith    .   (no shield)
rNeg    . . .      Spirit   .   (helmet restricted)
rPois   .          Reflect  .   (no amulet)
rElec   .          Harm     .   (no ring)
rCorr   .          Rampage  .   (no ring)
Will    .....                   (no ring)
Stlth   +++.......              (no ring)
HPRegen 0.15/turn               (no ring)
MPRegen 0.15/turn               (no ring)
                                (no ring)
                                (no ring)

@: very slightly contaminated
A: almost no armour, amphibious, 8 rings, camouflage 1, gelatinous body 1,
(nimble swimmer 1), tentacles
a: no special abilities


You were on level 6 of the Dungeon.
You visited 1 branch of the dungeon, and saw 4 of its levels.
You also visited: Sewer.

You collected 247 gold pieces.

Inventory:

Hand Weapons
 a - the +11 dagger "Emotsur" (weapon) {freeze, Int+8}
   (You found it on level 3 of the Dungeon)

   It freezes those it strikes, dealing additional cold damage.
   It can also slow down cold-blooded creatures.
   Int:       It affects your intelligence (+8).
 b - a +2 short sword of electrocution
Missiles
 q - a curare-tipped dart
 r - 20 poisoned darts
Wands
 p - a wand of quicksilver (5)
 t - a wand of flame (7)
Scrolls
 c - a scroll of magic mapping {unknown}
 d - 4 scrolls of identify {unknown}
 g - 3 scrolls of butterflies {unknown}
 h - a scroll of poison {unknown}
 i - 2 scrolls of noise {unknown}
 m - a scroll of teleportation {unknown}
 w - a scroll of enchant weapon {unknown}
Potions
 e - 2 potions of haste {unknown}
 f - a potion of mutation {unknown}
 j - a potion of resistance {unknown}
 k - 2 potions of might {unknown}
 l - a potion of brilliance {unknown}
 n - 4 potions of flight
 o - 2 potions of curing
 s - a potion of heal wounds
 u - 2 potions of attraction {unknown}
 v - a potion of magic


   Skills:
 - Level 2.0 Fighting
 - Level 2.0 Dodging
 - Level 2.6 Stealth
 - Level 6.0 Spellcasting
 + Level 5.5 Conjurations
 - Level 2.0 Translocations


You had 13 spell levels left.
You knew the following spells:

 Your Spells              Type           Power      Damage    Failure   Level
a - Magic Dart            Conj           100%       1d8       1%          1
b - Iskenderun's Mystic   Conj/Tloc      31%        2d8       11%         4

Your spell library contained the following spells:

 Spells                   Type           Power      Damage    Failure   Level
 Searing Ray              Conj           84%        2d7       1%          2
 Static Discharge         Conj/Air       25%        3-7/arc   2%          2
 Dazzling Flash           Conj/Hex       50%        N/A       4%          3
 Freeze                   Ice            36%        1d6       5%          1
 Frozen Ramparts          Ice            18%        1d3       16%         3
 Fulminant Prism          Conj/Hex       12%        3d9       17%         4
 Hailstorm                Conj/Ice       25%        3d7       17%         4
 Sticky Flame             Conj/Fire      25%        2d5       17%         4
 Dispel Undead            Necr           9%         3d8       45%         4


Dungeon Overview and Level Annotations

Branches:
Dungeon (3/15)              Sewer (visited)

Altars:
Qazlal
Trog


Innate Abilities, Weirdness & Mutations

You cannot wear most types of armour.
You are amphibious.
You can wear up to eight rings at the same time.
Your skin changes colour to match your surroundings (Stealth+).
Your rubbery body absorbs attacks. (AC +1, EV +1)
((You are camouflaged when in or above water. (Stealth+)))
You have tentacles for arms and can constrict up to eight enemies at once.


Message History

Casting: Iskenderun's Mystic Blast (quite dangerous; 14% risk of failure)
Confirm with . or Enter, or press ? or * to list all spells.
The spell is quite dangerous to miscast (14% risk of failure)!
Continue anyway?
You erupt in a blast of force!
The mystic blast hits the white imp.
The white imp is moderately wounded.
The white imp is knocked back by the mystic blast.
The white imp slams into the rock wall!
The white imp is severely wounded.
The mystic blast hits the centaur!
The centaur is heavily wounded.
The centaur is knocked back by the mystic blast.
The centaur collides with the orc!
The orc is moderately wounded.
The centaur is severely wounded.
The mystic blast hits Duvessa.
Duvessa is almost dead.
Duvessa is knocked back by the mystic blast.
Duvessa collides with the centaur!
The centaur is almost dead.
You feel sick.
You hear a shout!
Duvessa closely misses you. The centaur barely misses you.
Aiming: Quicksilver Bolt
Press: ? - help, Shift-Dir - straight line, f/p - Duvessa
Aim: Duvessa, wielding a +3 rapier of venom and wearing a +2 leather armour of cold resistance (almost dead, berserk, 75% to hit)
The bolt of dispelling energy hits Duvessa!
You kill Duvessa!
The bolt of dispelling energy hits the centaur!
You kill the centaur!
The bolt of dispelling energy misses the orc.
You feel sick. The white imp gestures at you. The puff of frost hits you!
* * * LOW HITPOINT WARNING * * *
An orc priest comes into view. It is wielding a +0 hand axe.
Your Conjurations skill increases to level 5!
You feel better. The white imp gestures at you. The puff of frost hits you!
You die...

#o.. #.. #.. #.
#). ..##. #.#
#....#.. #o# #.#
...# #)# #.#
.... #@### #.##.
#.# #...## #....
#..##
###..###..# #..#
##.#...#######..
#.5....[.......
#.###.########.
#.# #.# ##
#>###.# #..##.#


You could see an orc priest, a white imp and an orc.

Vanquished Creatures
  Duvessa (D:6)
  A centaur (D:6)
  A phantom (D:6)
  2 kobold brigands (Sewer)
  Dowan (D:6)
  A hound (D:6)
  2 iguanas
  3 river rats (Sewer)
  5 adders
  A shadow imp (D:6)
  2 worms (D:2)
  4 orcs
  5 endoplasms
  6 giant cockroaches
  5 goblins
  4 hobgoblins
  10 kobolds
  4 ball pythons
  2 bats
  4 frilled lizards
  7 rats
71 creatures vanquished.

Notes
Turn   | Place    | Note
-------+----------+-------------------------------------------
     0 | D:1      | raistware the Octopode Conjurer began the quest for the
                  | Orb.
     0 | D:1      | Reached XP level 1. HP: 11/11 MP: 3/3
   140 | D:1      | Found a faded altar of an unknown god.
  1007 | D:2      | Reached XP level 2. HP: 14/17 MP: 0/5
  1078 | D:2      | Reached skill level 3 in Spellcasting
  1284 | D:2      | Reached XP level 3. HP: 21/21 MP: 5/7
  1516 | D:2      | Reached skill level 4 in Spellcasting
  1516 | D:2      | Reached XP level 4. HP: 27/27 MP: 3/10
  1521 | D:2      | Learned a level 4 spell: Iskenderun's Mystic Blast
  2037 | D:3      | Found a stormy altar of Qazlal.
  2037 | D:3      | Found a bloodstained altar of Trog.
  2043 | D:3      | Reached skill level 1 in Translocations
  2501 | D:3      | Found a glowing drain.
  2554 | Sewer    | Entered a sewer
  2562 | Sewer    | Reached XP level 5. HP: 22/31 MP: 5/11
  2776 | Sewer    | Noticed a kobold brigand
  2784 | Sewer    | Noticed a kobold brigand
  2805 | Sewer    | Killed a kobold brigand
  2805 | Sewer    | HP: 1/31 [kobold brigand/+0 dagger (7)]
  2806 | Sewer    | Reached skill level 5 in Spellcasting
  2806 | Sewer    | Killed a kobold brigand
  2807 | Sewer    | Reached XP level 6. HP: 2/36 MP: 7/14
  3135 | Sewer    | Found a glowing silver altar of Zin.
  3443 | D:3      | Identified the +11 dagger "Emotsur" {freeze, Int+8}
  3646 | D:3      | You fall into a shaft and drop 3 floors!
  3713 | D:6      | Reached skill level 1 in Fighting
  3734 | D:6      | Noticed a black bear
  3773 | D:6      | Reached skill level 6 in Spellcasting
  3773 | D:6      | Reached XP level 7. HP: 45/45 MP: 10/16
  3886 | D:6      | Noticed Duvessa
  3886 | D:6      | Noticed Dowan
  3892 | D:6      | Killed Dowan
  3897 | D:6      | Killed Duvessa
  3897 | D:6      | HP: 1/45 [white imp/puff of frost (10)]
  3898 | D:6      | Reached skill level 5 in Conjurations
  3898 | D:6      | Killed from afar by a white imp

Illustrated notes

Levels and vault maps discovered:
D:1:      dpeg_arrival_round_a, layout_loops_cross,
          chequers_ecumenical_altar_grove
D:2:      layout_basic, dreamdust_wishing_well, minmay_misc_feat_enclosed,
          solitary_fountain
D:3:      minmay_inner_zag, layout_rooms,
          chequers_temple_overflow_statue_of_worship,
          cheibrodos_sewer_entry_drain
D:6:      layout_rooms, uniq_maggie, uniq_duvessa

Skill      XL: |  1  2  3  4  5  6  7 |
---------------+----------------------+-----
Spellcasting   | 3 4 5 6 |  6.0
Translocations | 1 2 |  2.0
Fighting       | 2 |  2.0
Conjurations   | 5 |  5.5
Dodging        | |  2.0
Stealth        | |  2.6

Action                   |  1- 3 |  4- 6 |  7- 9 || total
-------------------------+-------+-------+-------++-------
Melee: Unarmed           |    13 |     3 |       ||    16
       Tentacles         |     3 |       |     1 ||     4
       Constrict         |     2 |     1 |     2 ||     5
       Dagger            |       |     6 |     2 ||     8
Throw: Dart              |       |     2 |       ||     2
 Cast: Magic Dart        |    42 |   104 |       ||   146
       Iskenderun's Myst |       |       |     3 ||     3
Evoke: Wand              |       |     5 |     3 ||     8
  Use: Potion            |       |       |     1 ||     1
Armor: Skin              |       |     4 |       ||     4
Dodge: Dodged            |    11 |    14 |     7 ||    32
